 Dungeon Crawl Stone Soup version 0.30-a0-1094-g860fb061e7 (webtiles) character file.

Game seed: 12222451511695177669

103 lunkers the Slasher (level 5, -4/45 HPs)
             Began as a Meteoran Fighter on Apr 17, 2023.
             Was an Initiate of Yredelemnul.
             Killed by divine providence
             ... invoked by an orc priest
              (12 damage)
             ... on level 3 of the Dungeon.
             The game lasted 00:02:10 (1060 turns).

lunkers the Slasher (Meteoran Fighter)              Turns: 1060, Time: 00:02:11

Health: -4/45      AC: 11    Str: 18    XL:     5   Next: 29%
Magic:  6/6        EV:  9    Int:  9    God:    Yredelemnul [......]
Gold:   63         SH: 10    Dex: 15    Spells: 4/4 levels left

rFire   . . .      SeeInvis .    a - +0 long sword (heavy)
rCold   . . .      Faith    .    c - +0 buckler
rNeg    . . .      Spirit   .    b - +0 scale mail
rPois   .          Reflect  +    (no helmet)
rElec   .          Rampage  .    k - +0 cloak
rCorr   .                        j - +2 pair of gloves
Will    .....                    (no boots) Stlth
                                 f - amulet of reflection
HPRegen 0.27/turn                (no ring)
MPRegen 0.10/turn                (no ring)

@: mighty, glowing
A: sense surroundings 1, otherworldly, glowing, explore regen
a: Renounce Religion, Recall Undead Harvest


You were on level 3 of the Dungeon.
You worshipped Yredelemnul.
Yredelemnul was noncommittal.
You visited 1 branch of the dungeon, and saw 3 of its levels.

You collected 63 gold pieces.

Inventory:

Hand Weapons
 a - a +0 heavy long sword (weapon)
Missiles
 i - 2 throwing nets
Armour
 b - a +0 scale mail (worn)
 c - a +0 buckler (worn)
 j - a +2 pair of gloves (worn)
 k - a +0 cloak (worn)
Jewellery
 f - an amulet of reflection (around neck)
Scrolls
 e - a scroll of enchant weapon {unknown}
 h - a scroll of identify
 n - 2 scrolls of brand weapon
Potions
 d - a potion of might
 g - a potion of degeneration {unknown}
 l - a potion of heal wounds {unknown}
 m - 2 potions of curing


   Skills:
 - Level 3.2 Fighting
 + Level 5.8 Long Blades
 - Level 3.6 Armour
 - Level 3.6 Shields


You had 4 spell levels left.
You didn't know any spells.
Your spell library contained the following spells:

 Spells                   Type           Power      Damage    Failure   Level
 Shock                    Conj/Air       0%         1d3       86%         1
 Sublimation of Blood     Necr           0%         N/A       94%         2
 Wereblood                Tmut           0%         N/A       94%         2
 Swiftness                Air            0%         N/A       99%         3
 Airstrike                Air            0%         2d(0-16)  100%        4
 Summon Hydra             Summ           0%         N/A       100%        7


Dungeon Overview and Level Annotations

Branches:
Dungeon (3/15) Zot: 695

Altars:
Kikubaaqudgha
Nemelex Xobeh
Yredelemnul

Shops:
D:3 ?

Annotations:
D:3 Robin


Innate Abilities, Weirdness & Mutations

You passively map a small area around you.
You are easily found by Zot.
You glow in the dark.
You regain HP and MP as you explore.


Message History

You block the goblin's attack.
You swap places.
The goblin no longer looks unusually strong. x2
The hobgoblin no longer looks unusually strong.
Your goblin zombie closely misses the goblin.
The goblin barely misses your goblin zombie.
Things that are here:
a +0 dagger; a +0 club The goblin barely misses your goblin zombie.
Robin throws the goblin at you!
You barely miss the goblin.
The goblin no longer looks unusually strong.
Your goblin zombie barely misses the goblin.
You block the goblin's attack.
The goblin barely misses your goblin zombie.
Robin roars a battlecry!
The goblins go into a battle-frenzy!
Your goblin zombie hits the goblin.
You hit the goblin.
You kill the goblin!
The dead are walking!
The goblin no longer looks unusually strong.
The goblin hits your goblin zombie with a +0 club.
Your goblin zombie barely misses the goblin.
Robin throws the goblin at you!
The goblin hits your goblin zombie with a +0 club.
You block the goblin's attack.
You slice the goblin!!
You kill the goblin!
The dead are walking!
Robin roars a battlecry!
The goblin goes into a battle-frenzy!
The goblin barely misses your goblin zombie.
Your goblin zombie barely misses the goblin.
The goblin hits your goblin zombie with a +0 club.
Your goblin zombie is destroyed!
The orc priest calls down the wrath of Beogh upon you.
Beogh smites you!
You die...
Your body rises from the dead as a mindless zombie.

#..###Z#
#.##
#..Z#.##
######.#.
#.##Z##
........#
#.##)#
*.#####.#.
#.##.#
#.##
#.##.#
#.*#
#Z##.# * *
#. #
#.##.# *
#.*#
#@##.# *
#.*#
#.##.. ,
,, #.##
#Z# * , ,
.. #.# *
** *## #g#
# #g####
#og..##
#go...#
**#*#.####
#.._o.# ..
......


You could see Robin, an orc priest, an orc, a hobgoblin (strong), 2 goblins and
2 friendly goblin zombies.

Vanquished Creatures
  3 adders (D:2)
  4 worms (D:2)
  A dart slug (D:1)
  An orc (D:3)
  4 endoplasms (D:1)
  2 giant cockroaches
  13 goblins
  5 hobgoblins
  2 jackals (D:1)
  4 kobolds
  3 quokkas (D:1)
  6 ball pythons
  A bat (D:3)
  6 rats
55 creatures vanquished.

Vanquished Creatures (collateral kills)
  An orc (D:3)
  2 bats
3 creatures vanquished.

Vanquished Creatures (others)
  A bat zombie (D:3)
  3 goblin zombies (D:3)
  A hobgoblin zombie (D:3)
  An orc zombie (D:3)
  2 rat zombies (D:3)
8 creatures vanquished.

Grand Total: 66 creatures vanquished

Notes
Turn   | Place    | Note
-------+----------+-------------------------------------------
     0 | D:1      | lunkers the Meteoran Fighter began the quest for the Orb.
     0 | D:1      | Reached XP level 1. HP: 19/19 MP: 2/2
    31 | D:1      | Reached skill level 3 in Long Blades
    31 | D:1      | Reached XP level 2. HP: 12/26 MP: 3/3
   171 | D:1      | Reached XP level 3. HP: 30/31 MP: 4/4
   234 | D:1      | Reached skill level 4 in Long Blades
   512 | D:2      | Found a basalt altar of Yredelemnul.
   529 | D:2      | Became a worshipper of Yredelemnul the Dark
   578 | D:2      | Reached XP level 4. HP: 27/38 MP: 5/5
   591 | D:2      | Reached * piety under Yredelemnul
   685 | D:2      | Reached skill level 5 in Long Blades
   738 | D:2      | Reached XP level 5. HP: 42/45 MP: 6/6
   738 | D:2      | Reached ** piety under Yredelemnul
  1001 | D:3      | Found an ancient bone altar of Kikubaaqudgha.
  1001 | D:3      | Found a sparkling altar of Nemelex Xobeh.
  1011 | D:3      | Found Domniergh's Magic Scroll Shoppe.
  1012 | D:3      | Noticed Robin
  1060 | D:3      | Killed from afar by an orc priest

Illustrated notes

Levels and vault maps discovered:
D:1:      dpeg_arrival_long_road, layout_basic, roderic_lattice_a,
          chequers_serial_rivers_micro_d
D:2:      layout_basic, basic_altar, minmay_distorted
D:3:      layout_loops_ring, slow_altar_1,
          chequers_temple_overflow_statue_of_worship, serial_shops,
          nicolae_shop_advertising_works [nicolae_subvault_shop_adworks], shop,
          shop, nicolae_lakefront_shop, uniq_robin

Skill      XL: |  1  2  3  4 |
---------------+-------------+-----
Long Blades    | 3 4 5 |  5.8
Fighting       | |  3.2
Armour         | |  3.6
Shields        | |  3.6

Action                     |  1- 3 |  4- 6 || total
---------------------------+-------+-------++-------
  Melee: Long sword        |    79 |    80 ||   159
    Use: Scroll            |       |     2 ||     2
         Potion            |       |     1 ||     1
 Armour: Scale mail        |    36 |    54 ||    90
  Dodge: Dodged            |    34 |    25 ||    59
  Block: Buckler           |    17 |    63 ||    80

Table legend: (Time is in decaauts)
 A = Elapsed time spent in this place.
 B = Non-inter-level travel time spent in this place.
 C = Inter-level travel time spent in this place.
 D = Time resting spent in this place.
 E = Time spent auto-exploring this place.
 F = Levels seen in this place.
 G = Mean time per level.
                   A        B        C        D        E       F      G
               +--------+--------+--------+--------+--------+-----+--------+
         Total |   1103 |   1072 |     31 |      0 |    668 |   3 |  367.7 |
       Dungeon |   1103 |   1072 |     31 |      0 |    668 |   3 |  367.7 |
               +--------+--------+--------+--------+--------+-----+--------+

Top non-repeatable levels by time:
     D:1: 459 daAuts
     D:2: 350 daAuts
     D:3: 293 daAuts
